AoeStats
← ACRAGT

Arabia

510638554Analyzed
1v1 RM · 2d ago on Oct 1, 2026· 23m 59s· 2 players
Game mode
Random Map
Map size
Tiny (2 player)
Population
200
Speed
Normal
Resources
Standard
Victory
Conquest
Starting age
Dark Age
Ending age
Imperial Age
RankedLock teamsTeams togetherTeam positionsShared explorationLock speedFull tech treeHidden civsTurbo modeCheats
Victory
Defeat
🇺🇸 Portuguese · United States
766
+16
🇧🇷 Portuguese · Brazil
760
-35
ACRAGT
12:06 Feudal Age
14:16 Wheelbarrow
13:26 Horse Collar
Llamaliam3831
8:01 Loom
10:40 Feudal Age
12:14 Wheelbarrow
16:43 Horse Collar
16:51 Double-Bit Axe
23:40 Castle Age
21:35 Fletching
21:46 Padded Archer Armor
Connection lost

Rejoining the realm…

Still unreachable

The connection could not be restored.

Session expired

The server has moved on; the page needs a fresh start.